AoeStats
← NuclearRabbit19

Arabia

507232150Analyzed
1v1 RM · 15d ago on Sep 17, 2026· 26m 44s· 2 players
Game mode
Random Map
Map size
Tiny (2 player)
Population
200
Speed
Normal
Resources
Standard
Victory
Conquest
Starting age
Dark Age
Ending age
Imperial Age
RankedLock teamsTeams togetherTeam positionsShared explorationLock speedFull tech treeHidden civsTurbo modeCheats
Victory
Defeat
🇮🇳 Khmer · India
1293
+16
🇬🇧 Khitans · United Kingdom
1288
-16
NuclearRabbit19
6:22 Loom
8:55 Feudal Age
9:48 Double-Bit Axe
22:47 Castle Age
20:45 Domestication
20:58 Gold Mining
22:30 Forging
22:13 Fletching
23:25 Scale Mail Armor
24:12 Iron Casting
24:20 Bow Saw
25:15 Chain Mail Armor
Baristan
6:14 Loom
8:51 Feudal Age
10:36 Horse Collar
20:32 Castle Age
19:14 Gold Mining
19:54 Bloodlines
21:00 Double-Bit Axe
22:05 Bow Saw
22:21 Scale Barding Armor
23:57 Forging
Connection lost

Rejoining the realm…

Still unreachable

The connection could not be restored.

Session expired

The server has moved on; the page needs a fresh start.